 Dungeon Crawl Stone Soup version 0.28-a0-984-g3775c662fe (webtiles) character file.

Game seed: 6341454423595211986

10 demibob the Magician (level 2, -6/22 HPs)
             Began as a Demonspawn Wanderer on Dec 3, 2021.
             Mangled by a kobold (18 damage)
             ... on level 1 of the Dungeon.
             The game lasted 00:00:45 (408 turns).

demibob the Magician (Demonspawn Wanderer)           Turns: 408, Time: 00:00:46

Health: -6/22      AC:  3    Str: 10    XL:     2   Next: 10%
Magic:  6/6        EV: 11    Int: 15    God:
Gold:   11         SH:  0    Dex: 12    Spells: 6/7 levels left

rFire   . . .      SeeInvis .   a - +0 dagger
rCold   . . .      Faith    .   (no shield)
rNeg    . . .      Spirit   .   c - +0 robe
rPois   .          Reflect  .   (no helmet)
rElec   .          Harm     .   d - +0 cloak
rCorr   .          Rampage  .   (no gloves)
Will    .....                   (no boots)
Stlth   +.........              (no amulet)
HPRegen 0.07/turn               (no ring)
MPRegen 0.10/turn               (no ring)

@: no status effects
A: hooves 1
a: no special abilities


You were on level 1 of the Dungeon.
You visited 1 branch of the dungeon, and saw 1 of its levels.

You collected 11 gold pieces.


Innate Abilities, Weirdness & Mutations

You have large cloven feet.


   Skills:
 + Level 1.8 Fighting
 - Level 1.0 Shields
 - Level 3.0 Spellcasting
 - Level 2.0 Conjurations
 - Level 1.0 Transmutations
 - Level 1.7 Earth Magic
 - Level 1.0 Evocations


You had 6 spell levels left.
You knew the following spells:

 Your Spells              Type           Power      Damage    Failure   Level
f - Freeze                Ice            8%         1d3       21%         1

Your spell library contained the following spells:

 Spells                   Type           Power      Damage    Failure   Level
 Gell's Gravitas          Tloc           2%         N/A       52%         3
 Lesser Beckoning         Tloc           2%         N/A       52%         3
 Ozocubu's Armour         Ice            2%         N/A       52%         3
 Teleport Other           Tloc           2%         N/A       52%         3

Inventory:

Hand Weapons
 a - a +0 dagger (weapon)
Armour
 c - a +0 robe (worn)
 d - a +0 cloak (worn)
Miscellaneous
 b - a piece from Xom's chessboard (15/15)

Dungeon Overview and Level Annotations

Branches:
Dungeon (1/15)

Altars:

#.#.#####
...#.......#
...###.###.# #####
... #[# #.# #....
#.####.###)###....
#............+....
#..###.###.###....
#.K# #.# #........
#@.# #.# ########.
#..## .# #......†.
#...# .# #......†.
#.#.##.# #........
#.#.##.# #........
#......# ##.###'##
####.#.# #.# #...
#...# #.# #...
##..# #.# #...


You could see a kobold.


Message History

The hobgoblin shouts!
A kobold comes into view.
It is wielding a +2 short sword of electrocution.
The kobold shouts!
The hobgoblin hits you.
You hit the hobgoblin but do no damage. The hobgoblin closely misses you.
You hit the hobgoblin.
The hobgoblin is severely wounded.
The hobgoblin closely misses you.
You completely miss the hobgoblin.
You kick the hobgoblin, but do no damage.
The hobgoblin is severely wounded.
The hobgoblin hits you but does no damage.
You barely miss the hobgoblin.
The hobgoblin is severely wounded.
The hobgoblin misses you.
The kobold hits you with a +2 short sword of electrocution.
You closely miss the hobgoblin.
The hobgoblin is severely wounded.
The hobgoblin barely misses you.
The kobold hits you with a +2 short sword of electrocution.
You barely miss the hobgoblin.
The hobgoblin is severely wounded.
The hobgoblin hits you but does no damage.
The kobold hits you with a +2 short sword of electrocution.
You hit the hobgoblin.
You kill the hobgoblin!
The kobold hits you with a +2 short sword of electrocution.
You are electrocuted!!
Ouch! That really hurt!
You die...

Skill      XL: |  1 |
---------------+----+-----
Fighting       | 1 |  1.8
Shields        | |  1.0
Spellcasting   | |  3.0
Conjurations   | |  2.0
Transmutations | |  1.0
Earth Magic    | |  1.7
Evocations     | |  1.0

Action                   || total
-------------------------++-------
Melee: Dagger            ||    43
       Kick              ||     4
 Stab: Sleeping          ||     2
Armor: Robe              ||     8
Dodge: Dodged            ||    25

Levels and vault maps discovered:
D:1:      dpeg_arrival_ternary, layout_basic, minmay_misc_feat_iff

Notes
Turn   | Place    | Note
-------+----------+-------------------------------------------
     0 | D:1      | demibob the Demonspawn Wanderer began the quest for the
                  | Orb.
     0 | D:1      | demibob set off with the following items: a +0 dagger, a
                  | piece from Xom's chessboard (15/15), a +0 robe, a +0 kite
                  | shield; and the following spell memorised: Freeze; and the
                  | following spells available to memorise: Ozocubu's Armour
     0 | D:1      | Reached XP level 1. HP: 13/13 MP: 4/4
    89 | D:1      | Reached skill level 1 in Fighting
   251 | D:1      | Gained mutation: You have large cloven feet. [demonic
                  | ancestry]
   251 | D:1      | Reached XP level 2. HP: 22/22 MP: 6/6
   408 | D:1      | Mangled by a kobold

Vanquished Creatures
  2 endoplasms (D:1)
  A giant cockroach (D:1)
  2 hobgoblins (D:1)
  A kobold (D:1)
  A bat (D:1)
  A frilled lizard (D:1)
  3 rats (D:1)
11 creatures vanquished.

Table legend: (Time is in decaauts)
 A = Elapsed time spent in this place.
 B = Non-inter-level travel time spent in this place.
 C = Inter-level travel time spent in this place.
 D = Time resting spent in this place.
 E = Time spent auto-exploring this place.
 F = Levels seen in this place.
 G = Mean time per level.
                   A        B        C        D        E       F      G
               +--------+--------+--------+--------+--------+-----+--------+
         Total |    408 |    408 |      0 |      0 |    329 |   1 |  408.0 |
       Dungeon |    408 |    408 |      0 |      0 |    329 |   1 |  408.0 |
               +--------+--------+--------+--------+--------+-----+--------+

Top non-repeatable levels by time:
     D:1: 408 daAuts

Table legend:
 A = Non-vault XP
 B = Vault XP
 C = Vault XP percentage of total XP
 D = Non-vault monster count
 E = Vault monster count
 F = Vault count percentage of total count
                 A         B        C        D         E       F
            +---------+---------+-------+---------+---------+-------
      Total |      17 |       0 |   0.0 |      11 |       0 |   0.0
            +---------+---------+-------+---------+---------+-------
        D:1 |      17 |       0 |   0.0 |      11 |       0 |   0.0
            +---------+---------+-------+---------+---------+-------
